 Dungeon Crawl Stone Soup version 0.27.0-1-g7a089689b8 (webtiles) character file.

Game seed: 15263710724371009716

1667 Kinoniko the Cleaver (level 8, -6/87 HPs)
             Began as a Demonspawn Berserker on Aug 6, 2021.
             Was a Priest of Trog.
             Mangled by a two-headed ogre (21 damage)
             ... on level 6 of the Dungeon.
             The game lasted 00:04:51 (6195 turns).

Kinoniko the Cleaver (Demonspawn Berserker)         Turns: 6195, Time: 00:04:51

Health: -6/87      AC: 13    Str: 21    XL:     8   Next: 69%
Magic:  0/8        EV:  8    Int: 10    God:    Trog [***...]
Gold:   43         SH:  4    Dex: 12    Spells: 7/7 levels left

rFire    . . .     SeeInvis .   p - +3 war axe (flame)
rCold    . . .     Faith    .   (no shield)
rNeg     . . .     Spirit   +   k - +1 chain mail
rPois    .         Reflect  .   (no helmet)
rElec    .         Harm     .   (no cloak)
rCorr    .         Rampage  .   (no gloves)
Will     +....                  (no boots)
Stlth    ..........             t - amulet of guardian spirit
HPRegen  0.24/turn              e - ring of willpower
MPRegen  0.11/turn              (no ring)

@: berserking, very quick
A: demonic guardian 1, icemail 1, big brain 1, condensation shield
a: Renounce Religion, Berserk, Trog's Hand


You were on level 6 of the Dungeon.
You worshipped Trog.
Trog was most pleased with you.
You visited 1 branch of the dungeon, and saw 6 of its levels.

You collected 309 gold pieces.
You spent 266 gold pieces at shops.

Inventory:

Hand Weapons
 a - a +0 hand axe
 p - a +3 war axe of flaming (weapon)
Missiles
 m - 2 throwing nets (quivered)
Armour
 b - a +0 animal skin
 k - a +1 chain mail (worn)
 u - a +0 tower shield
Jewellery
 c - a ring of ice
 e - a ring of willpower (left hand)
 t - an amulet of guardian spirit (around neck)
Wands
 r - a wand of iceblast (11)
Scrolls
 d - 2 scrolls of amnesia
 g - a scroll of teleportation
 h - a scroll of immolation
 n - a scroll of fog
 w - 2 scrolls of noise {unknown}
 y - a scroll of identify
 z - a scroll of brand weapon {unknown}
Potions
 f - 3 potions of lignification {unknown}
 i - a potion of flight {unknown}
 j - a potion of berserk rage {unknown}
 l - a potion of ambrosia {unknown}
 o - a potion of heal wounds {unknown}
 q - 4 potions of curing {unknown}
 s - a potion of resistance {unknown}
 v - a potion of might {unknown}
 x - a potion of invisibility {unknown}


   Skills:
 - Level 3.0 Fighting
 * Level 9.5 Axes
 - Level 1.7 Armour
 - Level 1.7 Dodging
 + Level 4.2 Shields


You had 7 spell levels left.
You didn't know any spells.
Your spell library was empty.

Dungeon Overview and Level Annotations

Branches:
Dungeon (6/15)             Temple (0/1) D:6

Altars:
Ashenzari
Cheibriados
Elyvilon
Ru
Zin

Shops:
D:5 !   D:6 ?


Innate Abilities, Weirdness & Mutations

A weak demonic guardian rushes to your aid.
A meltable icy envelope protects you from harm. (AC +4)
You have an unusually large brain. (Int +2)
A meltable shield of frost defends you. (SH +4)


Message History

No target in view!
No target in view!
No target in view!
No target in view!
No target in view!
No target in view!
No target in view!
No target in view!
No target in view!
No target in view!
No target in view!
No target in view!
There is a staircase to the Ecumenical Temple here.
There is a fountain of clear blue water here.
Key pressed, stopping explore.
A two-headed ogre comes into view.
It is wielding a +0 giant spiked club and a +0 giant club.
The two-headed ogre shouts in stereo!
The two-headed ogre hits you with a +0 giant spiked club!
The two-headed ogre barely misses you.
Your chain mail prevents you from hitting the two-headed ogre.
The two-headed ogre hits you with a +0 giant spiked club!
A demonic guardian appears!
The two-headed ogre hits you with a +0 giant club!
You are too injured to fight recklessly!
A red film seems to cover your vision as you go berserk!
You feel yourself moving faster!
You feel mighty!
You completely miss the two-headed ogre.
You block the two-headed ogre's attack.
The two-headed ogre hits you with a +0 giant club!
You closely miss the two-headed ogre. You slash the two-headed ogre!
You burn the two-headed ogre!
The two-headed ogre is heavily wounded.
The two-headed ogre hits you with a +0 giant spiked club!
* * * LOW HITPOINT WARNING * * *
The two-headed ogre hits you with a +0 giant club.
* * * LOW HITPOINT WARNING * * *
You slash the two-headed ogre! You burn the two-headed ogre.
The two-headed ogre is severely wounded.
The two-headed ogre hits you with a +0 giant spiked club!!
You die...

#..#.....#....#..... #.
#..#.....##..##.....
#.###..#.###.##''##.....
.........# #.#8..≈#.....
.........# #.##__##.....
.........# #..#⌠⌠#..#..#
.........# #.########..#
.......5.###...##......#
#.....O@........#.###..#
########.######.#......#
#.# #........# #.#
###.#......# #..
..........#.# ###
#########.#..
############### #.###
#.............# #.# #
#.............# #.# #


You could see a two-headed ogre (ally target) and a friendly white imp
(summoned).

Vanquished Creatures
  Sigmund (D:2)
  2 water moccasins
  An ice beast (D:5)
  A necrophage (D:6)
  2 ogres
  A bullfrog (D:6)
  2 wyvern zombies (D:6)
  A scorpion (D:5)
  3 wights (D:5)
  3 hounds
  2 bullfrog zombies
  A centaur zombie (D:6)
  2 bullfrog skeletons (D:6)
  A jelly (D:6)
  An orc priest (D:3)
  3 iguanas
  An orc wizard (D:3)
  4 gnolls (D:5)
  A howler monkey skeleton (D:5)
  2 adders (D:6)
  A white imp (D:5)
  2 ufetubi (D:6)
  2 worms (D:2)
  2 dart slugs
  4 orcs (D:3)
  5 endoplasms
  2 giant cockroaches (D:2)
  3 goblins
  10 hobgoblins
  12 jackals
  6 quokkas
  6 ball pythons
  7 bats
  2 frilled lizards
  7 kobolds
  A quokka skeleton (D:4)
  7 rats
114 creatures vanquished.

Vanquished Creatures (others)
  A fungus (D:1)
  A plant (D:1)
2 creatures vanquished.

Grand Total: 116 creatures vanquished

Notes
Turn   | Place    | Note
-------+----------+-------------------------------------------
     0 | D:1      | Kinoniko the Demonspawn Berserker began the quest for the
                  | Orb.
     0 | D:1      | Reached XP level 1. HP: 18/18 MP: 1/1
   103 | D:1      | Reached skill level 3 in Axes
   370 | D:1      | Gained mutation: A meltable shield of frost defends you.
                  | (SH +4) [demonic ancestry]
   370 | D:1      | Reached XP level 2. HP: 3/24 MP: 2/2
  1015 | D:1      | Found a faded altar of an unknown god.
  1680 | D:2      | Reached XP level 3. HP: 22/29 MP: 3/3
  1818 | D:2      | Reached ** piety under Trog
  1873 | D:2      | Noticed Sigmund
  1881 | D:2      | Killed Sigmund
  1882 | D:2      | Reached skill level 5 in Axes
  1882 | D:2      | Gained mutation: A meltable icy envelope protects you from
                  | harm. (AC +4) [demonic ancestry]
  1882 | D:2      | Reached XP level 4. HP: 30/35 MP: 4/4
  1882 | D:2      | Gained mutation: You have an unusually large brain. (Int
                  | +2) [demonic ancestry]
  1882 | D:2      | Reached XP level 5. HP: 35/41 MP: 5/5
  2572 | D:3      | Reached skill level 6 in Axes
  2984 | D:3      | Found a sacrificial altar of Ru.
  2984 | D:3      | Found a broken altar of Ashenzari.
  3046 | D:3      | Reached XP level 6. HP: 47/47 MP: 6/6
  3453 | D:4      | Reached *** piety under Trog
  3454 | D:4      | Reached skill level 7 in Axes
  4008 | D:5      | Entered Level 5 of the Dungeon
  4038 | D:5      | Found Kiaveyka's Distillery.
  4240 | D:5      | Noticed an ice beast
  4245 | D:5      | Killed an ice beast
  4246 | D:5      | Reached skill level 1 in Shields
  4246 | D:5      | Reached XP level 7. HP: 52/52 MP: 7/7
  4469 | D:5      | Reached skill level 8 in Axes
  4826 | D:5      | Gained mutation: A weak demonic guardian rushes to your
                  | aid. [demonic ancestry]
  4826 | D:5      | Reached XP level 8. HP: 31/58 MP: 6/8
  5538 | D:6      | Found Oruvur's Magic Scroll Shoppe.
  5544 | D:6      | Bought a scroll of enchant weapon for 105 gold pieces
  5544 | D:6      | Bought a scroll of enchant armour for 105 gold pieces
  5544 | D:6      | Bought a scroll of identify for 28 gold pieces
  5544 | D:6      | Bought a scroll of identify for 28 gold pieces
  5606 | D:6      | Found a snail-covered altar of Cheibriados.
  5644 | D:6      | Reached skill level 9 in Axes
  6005 | D:6      | Found a staircase to the Ecumenical Temple.
  6186 | D:6      | Noticed a two-headed ogre
  6195 | D:6      | Mangled by a two-headed ogre

Illustrated notes

Levels and vault maps discovered:
D:1:      co_arrival_square_in_a_square_in_a_square, layout_basic,
          dreamdust_ecumenical_altar_grove
D:2:      layout_loops_cross, fountainhead, uniq_sigmund
D:3:      layout_loops_cross, gammafunk_temple_overflow_claw
D:4:      layout_cave_pools
D:5:      layout_loops_corners, serial_shops, shop_coins
D:6:      layout_basic, gammafunk_temple_overflow_wave,
          minmay_temple_entry_nine_rooms, serial_shops, shop

Skill      XL: |  1  2  3  4  5  6  7  8 |
---------------+-------------------------+-----
Axes           | 3 5 6 7 8 9 |  9.5
Shields        | 1 2 4 |  4.2
Fighting       | |  3.0
Armour         | |  1.7
Dodging        | |  1.7

Action                   |  1- 3 |  4- 6 |  7- 9 || total
-------------------------+-------+-------+-------++-------
Melee: Hand axe          |    92 |   119 |       ||   211
       War axe           |       |    45 |   107 ||   152
Invok: Berserk           |     2 |     3 |     5 ||    10
  Use: Scroll            |       |     5 |     3 ||     8
Armor: Animal skin       |    15 |     8 |       ||    23
       Chain mail        |       |    67 |    45 ||   112
Dodge: Dodged            |    46 |    61 |    39 ||   146
Block: Other             |     6 |    19 |    15 ||    40
